 Dungeon Crawl Stone Soup version 0.20-a0-1074-g6a0a8e1 (webtiles) character file.

185 JeffiDaFish the Shield-Bearer (level 5, -4/34 HPs)
             Began as a Gargoyle Fighter on Apr 29, 2017.
             Was an Initiate of Okawaru.
             Slain by an ogre
             ... wielding a +0 giant spiked club
              (14 damage)
             ... on level 3 of the Dungeon.
             The game lasted 00:04:58 (1563 turns).

JeffiDaFish the Shield-Bearer (Gargoyle Fighter)    Turns: 1563, Time: 00:04:59

Health: -4/34      AC: 13    Str: 20    XL:     5   Next: 64%
Magic:  5/5        EV:  5    Int:  8    God:    Okawaru [......]
Gold:   94         SH: 10    Dex: 10    Spells: 4/4 levels left

rFire    . . .     SeeInvis .   a - +1 flail
rCold    . . .     Gourm    .   c - +1 shield
rNeg     + . .     Faith    .   l - +0 chain mail
rPois    ∞         Spirit   .   (no helmet)
rElec    +         Reflect  .   (no cloak)
rCorr    .         Harm     .   (no gloves)
MR       .....                  (no boots)
Stlth    ..........             (no amulet)
Regen    0.2/turn               (no ring)
MPRegen  0.1/turn               (no ring)

@: no status effects
A: negative energy resistance 1, electricity resistance, unbreathing,
petrification resistance, rot immunity, AC +4
a: Renounce Religion


You were on level 3 of the Dungeon.
You worshipped Okawaru.
Okawaru was noncommittal.
You were not hungry.

You visited 1 branch of the dungeon, and saw 3 of its levels.

You collected 94 gold pieces.

Inventory:

Hand Weapons
 a - a +1 flail (weapon)
Missiles
 j - 5 steel tomahawks (quivered)
Armour
 c - a +1 shield (worn)
 l - a +0 chain mail (worn)
Scrolls
 e - a scroll of remove curse
 k - 2 scrolls of teleportation
 n - a scroll of immolation
Potions
 b - a potion of curing
 d - 2 potions of might
 i - a potion of magic
Comestibles
 f - 2 bread rations
 h - 7 fruits
 m - 6 chunks of flesh


   Skills:
 * Level 4.3 Fighting
 * Level 3.2 Maces & Flails
 * Level 4.1 Armour
 + Level 0.8 Dodging
 * Level 4.3 Shields


You had 4 spell levels left.
You didn't know any spells.

Dungeon Overview and Level Annotations

Branches:
Dungeon (3/15)

Altars:
Ashenzari
Okawaru
Qazlal


Innate Abilities, Weirdness & Mutations

You are resistant to torment.
Your stone body is resilient. (AC +4)
You are immune to poison.
You resist negative energy. (rN+)
You are resistant to electric shocks. (rElec)
You can survive without breathing.
You are immune to petrification.
You are immune to rotting.


Message History

You sock the ogre!
The ogre is heavily wounded.
The ogre hits you with a giant spiked club!
You sock the ogre!
The ogre is almost dead.
The ogre hits you with a giant spiked club!
You are too injured to fight recklessly!
You are too injured to fight recklessly!
You are too injured to fight recklessly!
You are too injured to fight recklessly!
You are too injured to fight recklessly!
You are too injured to fight recklessly!
You barely miss the ogre.
The ogre is almost dead.
The ogre hits you with a giant spiked club.
* * * LOW HITPOINT WARNING * * *
You hit the ogre.
The ogre is almost dead.
The ogre hits you with a giant spiked club!
You die... ##### #...# #.g.# ggg

#O##+# #@##.#########
..####............###..
........................
...#####.(.........###..
###.).......(#
#<)........# ###########
#.)........# #.........#
#..........# #.........#
#..........#


You could see an ogre and 4 goblins.

Vanquished Creatures
  Natasha (twice) (D:3)
  An orc wizard (D:3)
  2 adders (D:2)
  An ooze (D:2)
  3 worms
  2 dart slugs
  A leopard gecko (D:2)
  4 orcs (D:3)
  3 giant cockroaches
  13 goblins
  6 hobgoblins
  10 jackals (D:1)
  A ball python (D:2)
  8 bats
  3 frilled lizards
  4 kobolds
  4 rats
68 creatures vanquished.

Notes
Turn   | Place    | Note
-------+----------+-------------------------------------------
     0 | D:1      | JeffiDaFish the Gargoyle Fighter began the quest for the Orb.
     0 | D:1      | Reached XP level 1. HP: 14/14 MP: 1/1
    41 | D:1      | Reached XP level 2. HP: 13/19 MP: 2/2
   413 | D:1      | Reached XP level 3. HP: 24/24 MP: 3/3
   767 | D:2      | Reached XP level 4. HP: 26/29 MP: 4/4
   892 | D:2      | Found a shattered altar of Ashenzari.
  1200 | D:2      | Found a stormy altar of Qazlal.
  1201 | D:2      | Found an iron altar of Okawaru.
  1215 | D:2      | Became a worshipper of Warmaster Okawaru
  1272 | D:3      | Noticed Natasha
  1282 | D:3      | Killed Natasha
  1286 | D:3      | Reached XP level 5. HP: 21/33 MP: 5/5
  1452 | D:3      | Noticed Natasha
  1459 | D:3      | Killed Natasha
  1542 | D:3      | Noticed an ogre
  1563 | D:3      | Slain by an ogre

Vault maps used:
D:1:      lemuel_arrival_muddy, minmay_misc_feat_encased
D:2:      lemuel_round_altar, gammafunk_temple_overflow_statue, uniq_jessica
D:3:      minmay_ogre_servants, uniq_natasha

Skill      XL: |  1  2  3  4 |
---------------+-------------+-----
Fighting       | 4 |  4.3
Shields        | 4 |  4.3
Maces & Flails | 3 |  3.2
Armour         | 4 |  4.1
Dodging        | |  0.8

Action                   |  1- 3 |  4- 6 || total
-------------------------+-------+-------++-------
Melee: Flail             |   130 |   137 ||   267
Throw: Tomahawk          |     7 |     3 ||    10
  Use: Scroll            |     3 |     3 ||     6
       Potion            |     3 |       ||     3
  Eat: Chunk             |       |     3 ||     3
Armor: Scale mail        |   116 |       ||   116
       Chain mail        |       |    99 ||    99
Dodge: Dodged            |    64 |    43 ||   107
Block: Shield            |    88 |   106 ||   194
